 Dungeon Crawl Stone Soup version 0.29-a0-723-gce39da1c22 (webtiles) character file.

Game seed: 981107077617011325

26 sammy202020 the Trooper (level 2, -15/27 HPs)
             Began as a Minotaur Fighter on June 28, 2022.
             Engulfed by a cloud of flame (26 damage)
             ... on level 2 of the Dungeon.
             The game lasted 00:01:14 (994 turns).

sammy202020 the Trooper (Minotaur Fighter)           Turns: 994, Time: 00:01:15

Health: -15/27     AC:  7    Str: 20    XL:     2   Next: 89%
Magic:  1/1        EV:  9    Int:  5    God:
Gold:   60         SH:  9    Dex:  9    Spells: 1/1 levels left

rFire   . . .      SeeInvis .   a - +1 war axe
rCold   . . .      Faith    .   c - +0 buckler
rNeg    . . .      Spirit   .   b - +0 scale mail
rPois   .          Reflect  +   (helmet restricted)
rElec   .          Harm     .   (no cloak)
rCorr   .          Rampage  .   (no gloves)
Will    .....                   (no boots)
Stlth   ..........              l - amulet of reflection
HPRegen 0.09/turn               (no ring)
MPRegen 0.07/turn               (no ring)

@: no status effects
A: horns 2, retaliatory headbutt
a: no special abilities


You were on level 2 of the Dungeon.
You visited 1 branch of the dungeon, and saw 2 of its levels.

You collected 60 gold pieces.

Inventory:

Hand Weapons
 a - a +1 war axe (weapon)
 f - a +0 flail
Armour
 b - a +0 scale mail (worn)
 c - a +0 buckler (worn)
Jewellery
 l - an amulet of reflection (around neck)
Scrolls
 e - a scroll of enchant weapon
 g - 2 scrolls of identify
Potions
 d - a potion of might
 j - 2 potions of attraction
 k - a potion of brilliance


   Skills:
 * Level 4.2 Fighting
 * Level 3.0 Axes
 + Level 3.8 Armour
 + Level 0.7 Dodging
 + Level 3.8 Shields


You had one spell level left.
You didn't know any spells.
Your spell library contained the following spells:

 Spells                   Type           Power      Damage    Failure   Level
 Iskenderun's Battlesphe  Conj           0%         2d6       100%        5
 Iron Shot                Conj/Erth      0%         9d1       100%        6
 Spellforged Servitor     Conj/Summ      0%         N/A       100%        7


Dungeon Overview and Level Annotations

Branches:
Dungeon (2/15)

Altars:


Innate Abilities, Weirdness & Mutations

You have a pair of horns on your head.
You reflexively headbutt those who attack you in melee.


Message History

Your hearing returns.
Found 8 stones.
You see here 8 stones.
A ball python comes into view.
Found 2 gold pieces.
The ball python hisses angrily.
A ball python is nearby!
You closely miss the ball python. You block the ball python's attack.
The ball python barely misses you.
You slash the ball python!
You kill the ball python!
No target in view!
No target in view!
No target in view!
No target in view!
No target in view!
No target in view!
No target in view!
No target in view!
No target in view!
No target in view!
No target in view!
You now have 60 gold pieces (gained 2).
A dart slug comes into view.
Found a glowing purple potion.
The dart slug launches a dart at you.
The slug dart hits you but does no damage.
As you read the scroll labelled SIRAFUA XIMAD, it crumbles to dust.
The creatures around you are filled with an inner flame!
It was a scroll of immolation.
A dart slug is nearby!
Found a stone staircase leading up.
Found a ring mail.
You slash the dart slug!
The dart slug explodes!
The fiery explosion engulfs you!
Ouch! That really hurt!
You are engulfed in blazing flames.
Ouch! That really hurt!
You die...

#.#.#...... #
#...#....... ##.
...#....... ..[
#..#.......
#.##..........
..##.§§§........
.....§§§........
...!.§§@...# ..
...........###....
....####.#........
... #.#.###.... .
#.#.# ## #.#.#
###.#.# #..<#.#
#.###.###


There were no monsters in sight!

Vanquished Creatures
  A dart slug (D:2)
  2 giant cockroaches (D:1)
  A goblin (D:1)
  2 hobgoblins (D:1)
  3 jackals (D:1)
  2 kobolds (D:1)
  2 quokkas (D:1)
  4 ball pythons
  2 bats (D:1)
  A frilled lizard (D:1)
  5 rats (D:1)
25 creatures vanquished.

Notes
Turn   | Place    | Note
-------+----------+-------------------------------------------
     0 | D:1      | sammy202020 the Minotaur Fighter began the quest for the
                  | Orb.
     0 | D:1      | Reached XP level 1. HP: 19/19 MP: 0/0
   259 | D:1      | Reached XP level 2. HP: 27/27 MP: 1/1
   326 | D:1      | Reached skill level 4 in Fighting
   994 | D:2      | Engulfed by a cloud of flame

Illustrated notes

Levels and vault maps discovered:
D:1:      sevenhm_arrival_forest_fort_small_5, layout_loops_ring
D:2:      layout_basic, serial_shops, shop, minmay_tetromino_o4

Skill      XL: |  1  2 |
---------------+-------+-----
Fighting       | 4 |  4.2
Axes           | 3 |  3.0
Armour         | |  3.8
Dodging        | |  0.7
Shields        | |  3.8

Action                   || total
-------------------------++-------
Melee: War axe           ||    55
       Headbutt          ||     2
  Use: Scroll            ||     6
Armor: Scale mail        ||    21
Dodge: Dodged            ||    29
Block: Buckler           ||    15

Table legend: (Time is in decaauts)
 A = Elapsed time spent in this place.
 B = Non-inter-level travel time spent in this place.
 C = Inter-level travel time spent in this place.
 D = Time resting spent in this place.
 E = Time spent auto-exploring this place.
 F = Levels seen in this place.
 G = Mean time per level.
                   A        B        C        D        E       F      G
               +--------+--------+--------+--------+--------+-----+--------+
         Total |   1017 |   1017 |      0 |      0 |    832 |   2 |  508.5 |
       Dungeon |   1017 |   1017 |      0 |      0 |    832 |   2 |  508.5 |
               +--------+--------+--------+--------+--------+-----+--------+

Top non-repeatable levels by time:
     D:1: 969 daAuts
     D:2: 47 daAuts
